TOP OF THE 1ST |
Philadelphia Phillies batting - Pitching for New York Mets : RHP John Gant
|
Pitching: RHP John Gant
|
|
Batting: RHB Delino DeShields Jr.
|
0-0: Ball 1-0: Ball 2-0: Called Strike 2-1: SINGLE (Groundball, 56D)
|
Batting: RHB Todd Frazier
|
0-0: Ball Delino DeShields Jr. is caught stealing 2nd base 2-4 1-0: Foul Ball, location: 2F 1-1: Ball 2-1: Ball 3-1: Fly out, F1 (Popup, 13)
|
Batting: RHB Giancarlo Stanton
|
0-0: Swinging Strike 0-1: Swinging Strike 0-2: Ball 1-2: Strikes out looking
|
Top of the 1st over - 0 runs, 1 hit, 0 errors, 0 left on base; Philadelphia 0 - New York 0 |
BOTTOM OF THE 1ST |
New York Mets batting - Pitching for Philadelphia Phillies : RHP Doug Fister
|
Pitching: RHP Doug Fister
|
|
Batting: SHB Ian Happ
|
0-0: Ball 1-0: Foul Ball, location: 2F 1-1: Ball 2-1: Ball 3-1: Base on Balls
|
Batting: RHB Starlin Castro
|
0-0: Fly out, F8 (Flyball, 8RS)
|
Batting: LHB Mitch Moreland
|
0-0: Called Strike 0-1: Ball 1-1: Ball 2-1: Foul Ball, location: 2F 2-2: Strikes out swinging
|
Batting: LHB Travis Shaw
|
0-0: Fly out, F9 (Line Drive, 9)
|
Bottom of the 1st over - 0 runs, 0 hits, 0 errors, 1 left on base; Philadelphia 0 - New York 0 |
TOP OF THE 2ND |
Philadelphia Phillies batting - Pitching for New York Mets : RHP John Gant
|
Batting: LHB Justin Bour
|
0-0: Ball 1-0: Ball 2-0: Foul Ball, location: 2F 2-1: Fly out, F9 (Line Drive, 9)
|
Batting: LHB Kole Calhoun
|
0-0: Called Strike 0-1: Ball 1-1: Ground out 6-3 (Groundball, 4MS)
|
Batting: RHB Carson Kelly
|
0-0: Ball 1-0: Called Strike 1-1: Called Strike 1-2: Reached on error, E6 (Groundball, 6)
|
Batting: RHB Scott Kingery
|
0-0: Ball 1-0: Ball 2-0: Foul Ball, location: 2F 2-1: Called Strike 2-2: Ball 3-2: Strikes out swinging
|
Top of the 2nd over - 0 runs, 0 hits, 1 error, 1 left on base; Philadelphia 0 - New York 0 |
BOTTOM OF THE 2ND |
New York Mets batting - Pitching for Philadelphia Phillies : RHP Doug Fister
|
Batting: LHB Eddie Rosario
|
0-0: Ground out 4-3 (Groundball, 4)
|
Batting: LHB Scott Schebler
|
0-0: Ball 1-0: Ball 2-0: Ground out 2-3 (Groundball, 2L)
|
Batting: RHB Salvador Perez
|
0-0: Called Strike 0-1: Swinging Strike 0-2: Ball 1-2: Ball 2-2: Foul Ball, location: 2F 2-2: Strikes out swinging
|
Bottom of the 2nd over - 0 runs, 0 hits, 0 errors, 0 left on base; Philadelphia 0 - New York 0 |
TOP OF THE 3RD |
Philadelphia Phillies batting - Pitching for New York Mets : RHP John Gant
|
Batting: RHB Amed Rosario
|
0-0: Ball 1-0: Called Strike 1-1: Foul Ball, location: 2F 1-2: Ball 2-2: Foul Ball, location: 2F 2-2: Ball 3-2: Foul Ball, location: 2F 3-2: Foul Ball, location: 2F 3-2: Foul Ball, location: 2F 3-2: Ground out 4-3 (Groundball, 4)
|
Batting: LHB Doug Fister
|
0-0: Ball 1-0: Fly out, F9 (Flyball, 9LD)
|
Batting: RHB Delino DeShields Jr.
|
0-0: Swinging Strike 0-1: Swinging Strike 0-2: Strikes out swinging
|
Top of the 3rd over - 0 runs, 0 hits, 0 errors, 0 left on base; Philadelphia 0 - New York 0 |
BOTTOM OF THE 3RD |
New York Mets batting - Pitching for Philadelphia Phillies : RHP Doug Fister
|
Batting: RHB Nick Ahmed
|
0-0: SOLO HOME RUN (Flyball, 7LD), Distance : 363 ft
|
Batting: RHB John Gant
|
0-0: Swinging Strike 0-1: Ball 1-1: Foul Ball, location: 2F 1-2: Fly out, F8 (Flyball, 8LS)
|
Batting: SHB Ian Happ
|
0-0: DOUBLE (Line Drive, 7LS)
|
Batting: RHB Starlin Castro
|
0-0: Foul Ball, location: 2F 0-1: Fly out, F9 (Flyball, 9S)
|
Batting: LHB Mitch Moreland
|
0-0: Ball 1-0: Ball 2-0: Swinging Strike 2-1: Called Strike 2-2: Ball 3-2: Base on Balls
|
Batting: LHB Travis Shaw
|
0-0: Ball 1-0: Ball 2-0: Ball 3-0: Called Strike 3-1: Foul Ball, location: 2F 3-2: Fly out, F9 (Flyball, 9S)
|
Bottom of the 3rd over - 1 run, 2 hits, 0 errors, 2 left on base; Philadelphia 0 - New York 1 |
TOP OF THE 4TH |
Philadelphia Phillies batting - Pitching for New York Mets : RHP John Gant
|
Batting: RHB Todd Frazier
|
0-0: Ball 1-0: Foul Ball, location: 2F 1-1: Called Strike 1-2: Ball 2-2: Ball 3-2: Foul Ball, location: 2F 3-2: Foul Ball, location: 2F 3-2: Ground out 1-3 (Groundball, P)
|
Batting: RHB Giancarlo Stanton
|
0-0: Called Strike 0-1: Swinging Strike 0-2: Ball 1-2: Strikes out swinging
|
Batting: LHB Justin Bour
|
0-0: Swinging Strike 0-1: Ball 1-1: Ground out U3 (Groundball, 34S)
|
Top of the 4th over - 0 runs, 0 hits, 0 errors, 0 left on base; Philadelphia 0 - New York 1 |
BOTTOM OF THE 4TH |
New York Mets batting - Pitching for Philadelphia Phillies : RHP Doug Fister
|
Batting: LHB Eddie Rosario
|
0-0: Called Strike 0-1: Ball 1-1: Foul Ball, location: 2F 1-2: Foul Ball, location: 2F 1-2: Ball 2-2: Strikes out swinging
|
Batting: LHB Scott Schebler
|
0-0: Foul Ball, location: 2F 0-1: Swinging Strike 0-2: Ball 1-2: Ball 2-2: Ball 3-2: Fly out, F9 (Flyball, 9LD)
|
Batting: RHB Salvador Perez
|
0-0: Ball 1-0: Ball 2-0: Ball 3-0: Called Strike 3-1: Foul Ball, location: 2F 3-2: SINGLE (Groundball, 6D)
|
Batting: RHB Nick Ahmed
|
0-0: Called Strike 0-1: Ball 1-1: Fly out, F7 (Line Drive, 7D)
|
Bottom of the 4th over - 0 runs, 1 hit, 0 errors, 1 left on base; Philadelphia 0 - New York 1 |
TOP OF THE 5TH |
Philadelphia Phillies batting - Pitching for New York Mets : RHP John Gant
|
Batting: LHB Kole Calhoun
|
0-0: Foul Ball, location: 2F 0-1: Called Strike 0-2: Fly out, F9 (Flyball, 9S)
|
Batting: RHB Carson Kelly
|
0-0: SINGLE (Groundball, 56D)
|
Batting: RHB Scott Kingery
|
0-0: Ball 1-0: Called Strike 1-1: Foul Ball, location: 2F 1-2: Foul Ball, location: 2F 1-2: Foul Ball, location: 2F 1-2: SINGLE (Groundball, 56) Carson Kelly to second
|
Batting: RHB Amed Rosario
|
0-0: Ball 1-0: Called Strike 1-1: Ground out 5-3 (Groundball, 56S) Carson Kelly to third Scott Kingery to second
|
Batting: LHB Doug Fister
|
0-0: Called Strike 0-1: Foul Ball, location: 2F 0-2: Ball 1-2: Strikes out swinging
|
Top of the 5th over - 0 runs, 2 hits, 0 errors, 2 left on base; Philadelphia 0 - New York 1 |
BOTTOM OF THE 5TH |
New York Mets batting - Pitching for Philadelphia Phillies : RHP Doug Fister
|
Batting: RHB John Gant
|
0-0: Called Strike 0-1: Called Strike 0-2: Hit by Pitch
|
Batting: SHB Ian Happ
|
0-0: SINGLE (Line Drive, 4MD) John Gant to second
|
Batting: RHB Starlin Castro
|
0-0: Called Strike 0-1: Foul Ball, location: 2F 0-2: DOUBLE (Groundball, 5L) John Gant scores Ian Happ to third
|
Batting: LHB Mitch Moreland
|
0-0: Foul Ball, location: 2F 0-1: Ball 1-1: SINGLE (Line Drive, 8RS) Ian Happ scores Starlin Castro to third
|
Batting: LHB Travis Shaw
|
0-0: Ball 1-0: Swinging Strike 1-1: SINGLE (Flyball, 9LS) Starlin Castro scores Mitch Moreland to second Runner from 2nd tries for 3rd, SAFE, throw by RF made to third
|
Pitching: LHP Amir Garrett
|
|
Batting: LHB Eddie Rosario
|
0-0: Called Strike 0-1: Foul Ball, location: 2F 0-2: Ball 1-2: Strikes out swinging
|
Batting: LHB Scott Schebler
|
0-0: Called Strike 0-1: Ball 1-1: Ball 2-1: Ball 3-1: Grounds into double play, 4-6-3 (Groundball, 4)
|
Bottom of the 5th over - 3 runs, 4 hits, 0 errors, 1 left on base; Philadelphia 0 - New York 4 |
TOP OF THE 6TH |
Philadelphia Phillies batting - Pitching for New York Mets : RHP John Gant
|
Batting: RHB Delino DeShields Jr.
|
0-0: Called Strike 0-1: Called Strike 0-2: Strikes out swinging
|
Batting: RHB Todd Frazier
|
0-0: Foul Ball, location: 2F 0-1: Ground out 6-3 (Groundball, 6)
|
Batting: RHB Giancarlo Stanton
|
0-0: Called Strike 0-1: Foul Ball, location: 2F 0-2: Ball 1-2: Foul Ball, location: 2F 1-2: Foul Ball, location: 2F 1-2: Fly out, F9 (Flyball, 9)
|
Top of the 6th over - 0 runs, 0 hits, 0 errors, 0 left on base; Philadelphia 0 - New York 4 |
BOTTOM OF THE 6TH |
New York Mets batting - Pitching for Philadelphia Phillies : LHP Amir Garrett
|
Batting: RHB Salvador Perez
|
0-0: Called Strike 0-1: Swinging Strike 0-2: Foul Ball, location: 2F 0-2: Ball 1-2: Ball 2-2: Ball 3-2: Strikes out swinging
|
Batting: RHB Nick Ahmed
|
0-0: Ball 1-0: Ground out 4-3 (Groundball, 34)
|
Batting: RHB John Gant
|
0-0: Called Strike 0-1: Foul Ball, location: 2F 0-2: Fly out, F8 (Line Drive, 8LM)
|
Bottom of the 6th over - 0 runs, 0 hits, 0 errors, 0 left on base; Philadelphia 0 - New York 4 |
TOP OF THE 7TH |
Philadelphia Phillies batting - Pitching for New York Mets : RHP John Gant
|
Pitching: LHP Adam Liberatore
|
|
Batting: LHB Justin Bour
|
0-0: Ball 1-0: Fly out, F7 (Flyball, 7S)
|
Batting: LHB Kole Calhoun
|
0-0: Swinging Strike 0-1: Ball 1-1: Fly out, F3 (Line Drive, 3)
|
Batting: RHB Carson Kelly
|
0-0: Ball 1-0: Ball 2-0: Fly out, F8 (Flyball, 78M)
|
Top of the 7th over - 0 runs, 0 hits, 0 errors, 0 left on base; Philadelphia 0 - New York 4 |
BOTTOM OF THE 7TH |
New York Mets batting - Pitching for Philadelphia Phillies : LHP Amir Garrett
|
Batting: SHB Ian Happ
|
0-0: Ball 1-0: Called Strike 1-1: Swinging Strike 1-2: Reached on error, E7 (Flyball, 7LM)
|
Batting: RHB Starlin Castro
|
0-0: Ball 1-0: Ball 2-0: Foul Ball, location: 2F 2-1: SINGLE (Groundball, 6D) Ian Happ to second Runner from 2nd tries for 3rd, SAFE, no throw by CF
|
Batting: LHB Mitch Moreland
|
0-0: Ball 1-0: Swinging Strike 1-1: SINGLE (Line Drive, 9S) Ian Happ scores Starlin Castro to second Runner from 2nd tries for 3rd, SAFE, throw by RF made to third
|
Batting: LHB Travis Shaw
|
0-0: Ball 1-0: Ball 2-0: Foul Ball, location: 2F 2-1: DOUBLE (Line Drive, 7LM) Starlin Castro scores Mitch Moreland to third
|
Batting: LHB Eddie Rosario
|
0-0: Ball 1-0: Foul Ball, location: 2F 1-1: Fly out, F8 (Line Drive, 8RM) Runner from 3rd tags up, SCORES, throw by CF
|
Batting: LHB Scott Schebler
|
0-0: Ball 1-0: Ball 2-0: Ground out 6-3 (Groundball, 4MD) Travis Shaw to third
|
Batting: RHB Salvador Perez
|
0-0: Ground out 5-3 (Groundball, 5S)
|
Bottom of the 7th over - 3 runs, 3 hits, 1 error, 1 left on base; Philadelphia 0 - New York 7 |
TOP OF THE 8TH |
Philadelphia Phillies batting - Pitching for New York Mets : LHP Adam Liberatore
|
Batting: RHB Scott Kingery
|
0-0: Ball 1-0: Ball 2-0: Called Strike 2-1: Swinging Strike 2-2: Ball 3-2: Foul Ball, location: 2F 3-2: Strikes out swinging
|
Batting: RHB Amed Rosario
|
0-0: Ball 1-0: Foul Ball, location: 2F 1-1: Ground out 4-3 (Groundball, 4)
|
Pinch Hitting: RHB Jesus Aguilar
|
0-0: Foul Ball, location: 2F 0-1: Ball 1-1: Called Strike 1-2: Ground out 1-3 (Groundball, 15)
|
Top of the 8th over - 0 runs, 0 hits, 0 errors, 0 left on base; Philadelphia 0 - New York 7 |
BOTTOM OF THE 8TH |
New York Mets batting - Pitching for Philadelphia Phillies : LHP Amir Garrett
|
Pitching: RHP Nate Jones
|
|
Batting: RHB Nick Ahmed
|
0-0: Ball 1-0: Swinging Strike 1-1: Foul Ball, location: 2F 1-2: Strikes out swinging
|
Pinch Hitting: SHB Jonathan Villar
|
0-0: Foul Ball, location: 2F 0-1: Ball 1-1: Ball 2-1: Called Strike 2-2: Foul Ball, location: 2F 2-2: Strikes out swinging
|
Batting: SHB Ian Happ
|
0-0: Ball 1-0: Foul Ball, location: 2F 1-1: Foul Ball, location: 2F 1-2: Strikes out swinging
|
Bottom of the 8th over - 0 runs, 0 hits, 0 errors, 0 left on base; Philadelphia 0 - New York 7 |
TOP OF THE 9TH |
Philadelphia Phillies batting - Pitching for New York Mets : LHP Adam Liberatore
|
Pitching: RHP Adam Plutko
|
|
Pinch Hitting: RHB Carlos Tocci
|
0-0: Ball 1-0: Swinging Strike 1-1: Ground out 1-3 (Groundball, 34S)
|
Batting: RHB Todd Frazier
|
0-0: Called Strike 0-1: Foul Ball, location: 2F 0-2: Fly out, F8 (Flyball, 8LXD)
|
Batting: RHB Giancarlo Stanton
|
0-0: Called Strike 0-1: Ball 1-1: Ball 2-1: Foul Ball, location: 2F 2-2: Strikes out swinging
|
Top of the 9th over - 0 runs, 0 hits, 0 errors, 0 left on base; Philadelphia 0 - New York 7 |
|